 Dungeon Crawl Stone Soup version 0.31-a0-1616-gbeaec30b81 (webtiles) character file.

Game seed: 2775019347661659401

130 MisterAzrael the Magician (level 5, -9/41 HPs)
             Began as a Djinni Fire Elementalist on Jan 10, 2024.
             Killed by nerve-wracking pain
             ... invoked by an orc priest
              (14 damage)
             ... on level 3 of the Dungeon.
             The game lasted 00:03:47 (1959 turns).

MisterAzrael the Magician (DjFE)                    Turns: 1959, Time: 00:03:47

Health: -9/41      AC:  2    Str:  7    XL:     5   Next: 36%
Gold:   88         EV: 12    Int: 19    God:
                   SH:  0    Dex: 13

rFire   + + .        (no weapon)
rCold   x . .        (no shield)
rNeg    . . .        a - +0 robe
rPois   ∞            (no helmet)
rElec   .            (no cloak)
rCorr   .            (no gloves)
SInv    .            (boots unavailable)
Will    .....        (no amulet)
Stlth   ++           (no ring)
HPRegen 0.26/turn    (no ring)
MPRegen 0.00/turn

%: infuse magic (-10 HP)
@: flying
A: sickness immunity, fire resistance 2, cold vulnerability 1, float, innate
caster, HP casting, extra vitality 1
a: no special abilities


You were on level 3 of the Dungeon.
You visited 1 branch of the dungeon, and saw 3 of its levels.

You collected 88 gold pieces.

Inventory:

Hand Weapons
 d - a +0 rapier
Armour
 a - a +0 robe (worn)
Scrolls
 b - 2 scrolls of identify {unknown}
 c - a scroll of blinking {unknown}
 e - a scroll of fear {unknown}
 f - 2 scrolls of teleportation {unknown}
 g - a scroll of immolation {unknown}
 i - a scroll of revelation {unknown}
 j - a scroll of noise {unknown}


   Skills:
 * Level 3.7 Fighting
 - Level 2.1 Dodging
 - Level 1.5 Stealth
 + Level 3.8 Spellcasting
 + Level 3.8 Conjurations
 + Level 3.8 Hexes
 + Level 3.8 Summonings
 + Level 3.8 Necromancy
 + Level 3.8 Translocations
 + Level 3.8 Fire Magic
 + Level 3.8 Ice Magic
 + Level 3.8 Air Magic
 + Level 3.8 Earth Magic
 + Level 3.8 Alchemy


You knew the following spells:

 Your Spells              Type           Power      Damage    Failure   Level
a - Foxfire               Conj/Fire      72%        2x1d7     3%          1
b - Scorch                Fire           36%        2d6       4%          2
c - Volatile Blastmotes   Fire/Tloc      36%        2d13      9%          3
d - Inner Flame           Hex/Fire       18%        N/A       9%          3
e - Flame Wave            Conj/Fire      18%        2d7       28%         4
f - Necrotise             Necr           72%        1d7       3%          1
g - Lesser Beckoning      Tloc           36%        N/A       4%          2
Your spell library was empty.

Dungeon Overview and Level Annotations

Branches:
Dungeon (3/15)

Altars:
Wu Jian

Annotations:
D:3 2 runed translucent doors


Innate Abilities, Weirdness & Mutations

You are immune to sickness and miasma.
You are immune to poison.
Your flesh is very heat resistant. (rF++)
You are vulnerable to cold. (rC-)
You float through the air rather than walking.
You learn spells naturally, not from books.
Your magical power is your life essence.
You have superior vitality. (+4 MHP)


Message History

The orc attacks as it pursues you! The orc hits you with a +0 dagger.
The orc priest calls upon Beogh to heal the orc.
The orc is healed somewhat.
The orc hits you but does no damage.
Casting: Foxfire (safe; 3% risk of failure)
Confirm with . or Enter, or press ? or * to list all spells.
You conjure some foxfire!
The foxfire hits the orc.
You kill the orc!
The foxfire hits the orc.
The orc is heavily wounded.
The orc hits you with a +0 short sword.
* * * LOW HITPOINT WARNING * * *
Casting: Foxfire (safe; 3% risk of failure)
Confirm with . or Enter, or press ? or * to list all spells.
You conjure some foxfire!
* * * LOW HITPOINT WARNING * * *
The orc hits you with a +0 short sword.
* * * LOW HITPOINT WARNING * * *
It was a potion of curing.
You feel better.
The foxfire hits the orc.
You kill the orc!
The foxfire hits the orc priest.
The orc priest is moderately wounded.
The orc priest closely misses you.
Found 4 stones.
Casting: Foxfire (safe; 3% risk of failure)
Confirm with . or Enter, or press ? or * to list all spells.
Flames lash the orc priest.
The orc priest is severely wounded.
The orc priest's fire resistance burns away.
The orc priest hits you with a +0 war axe!
* * * LOW HITPOINT WARNING * * *
Casting: Scorch (safe; 4% risk of failure)
Confirm with . or Enter, or press ? or * to list all spells.
Flames lash the orc.
You kill the orc!
* * * LOW HITPOINT WARNING * * *
The orc priest mumbles some strange prayers to Beogh against you.
Pain shoots through your body!
You die...

.................##.#........'.##
....############.##.#........####
..............##.#....#.#........
...)...######....####...#########
.....<...........................
...#..##.################...#####
................####...( ...+
..####.#.#####.......# ..#
..+......# #..@....# ..+
..####.#.# #..o))..# .# #.#.##
#....)..# #.#..####.......###.
#.#.........).......
#.#.######.#.##.#.## #.#.# #.#.#
.# .. #.#.# #.#.##.# . ....#
#.#...o#'


You could see an orc priest (combustible).

Vanquished Creatures
  An orc wizard (D:3)
  3 adders (D:2)
  A ribbon worm (D:2)
  3 dart slugs
  5 orcs (D:3)
  14 ball pythons
  4 endoplasms
  A giant cockroach (D:1)
  3 goblins
  7 hobgoblins
  2 jackals (D:1)
  4 quokkas
  2 bats
  3 frilled lizards
  8 kobolds
  5 rats
66 creatures vanquished.

Vanquished Creatures (others)
  2 orcs (D:3)
  A rat (D:3)
  196 foxfires
199 creatures vanquished.

Grand Total: 265 creatures vanquished

Notes
Turn   | Place    | Note
-------+----------+-------------------------------------------
     0 | D:1      | MisterAzrael the Djinni Fire Elementalist began the quest
                  | for the Orb.
     0 | D:1      | MisterAzrael set off with the following spells memorised:
                  | Foxfire, Scorch, Volatile Blastmotes, Inner Flame, Flame
                  | Wave.
     0 | D:1      | Reached XP level 1. HP: 15/15 MP: 0/0
   245 | D:1      | Reached skill level 1 in Fighting
   245 | D:1      | Reached XP level 2. HP: 20/22 MP: 0/0
   623 | D:1      | Reached XP level 3. HP: 24/28 MP: 0/0
   623 | D:1      | Learned a level 1 spell: Necrotise
  1149 | D:2      | Reached XP level 4. HP: 30/34 MP: 0/0
  1296 | D:2      | Found an ornate altar of the Wu Jian Council.
  1878 | D:3      | Reached XP level 5. HP: 39/40 MP: 0/0
  1878 | D:3      | Learned a level 2 spell: Lesser Beckoning
  1882 | D:3      | Found a large runed translucent door.
  1883 | D:3      | Found a large runed translucent door.
  1959 | D:3      | Killed from afar by an orc priest

Illustrated notes

Levels and vault maps discovered:
D:1:      wander_arrival_estate, layout_basic
D:2:      minmay_angry_zag, layout_rooms, basic_altar, lexackson_kobold_supper
D:3:      layout_basic, grunt_temple_overflow_holy_war,
          mainiacjoe_overflow_cross_hatched, ebering_ghost_disaster_area,
          serial_shops, shop, nicolae_shop_trees, cheibrodos_sewer_entry_drain

Skill      XL: |  1  2  3  4 |
---------------+-------------+-----
Fighting       | 1 2 3 |  3.7
Dodging        | |  2.1
Stealth        | |  1.5
Spellcasting   | |  3.8
Conjurations   | |  3.8
Hexes          | |  3.8
Summonings     | |  3.8
Necromancy     | |  3.8
Translocations | |  3.8
Fire Magic     | |  3.8
Ice Magic      | |  3.8
Air Magic      | |  3.8
Earth Magic    | |  3.8
Alchemy        | |  3.8

Action                     |  1- 3 |  4- 6 || total
---------------------------+-------+-------++-------
   Cast: Foxfire           |    75 |    46 ||   121
         Scorch            |     3 |    20 ||    23
         Necrotise         |       |     4 ||     4
         Lesser Beckoning  |       |     2 ||     2
    Use: Potion            |       |     1 ||     1
 Armour: Robe              |     4 |    18 ||    22
  Dodge: Dodged            |     4 |     9 ||    13

Table legend: (Time is in decaauts)
 A = Elapsed time spent in this place.
 B = Non-inter-level travel time spent in this place.
 C = Inter-level travel time spent in this place.
 D = Time resting spent in this place.
 E = Time spent auto-exploring this place.
 F = Levels seen in this place.
 G = Mean time per level.
                   A        B        C        D        E       F      G
               +--------+--------+--------+--------+--------+-----+--------+
         Total |   1958 |   1886 |     72 |      0 |   1538 |   3 |  652.7 |
       Dungeon |   1958 |   1886 |     72 |      0 |   1538 |   3 |  652.7 |
               +--------+--------+--------+--------+--------+-----+--------+

Top non-repeatable levels by time:
     D:1: 970 daAuts
     D:2: 769 daAuts
     D:3: 218 daAuts
